Sabres vs Senators

Created - December-10-14 at 17:01

Goals
1 2 3 T
Sabres 1 0 2 3
Senators 3 0 5 8
Shots
1 2 3 T
Sabres 7 4 10 21
Senators 16 5 18 39

1st period

1. Senators , Marc Staal 3 (Martin St. Louis, Eric Staal) at 2:15 (PP)
2. Senators , Martin St. Louis 20 (Sidney Crosby, Ron Hainsey) at 3:57
3. Sabres , Braydon Coburn 6 (Brad Boyes, Kyle Turris) at 14:34
4. Senators , Sidney Crosby 19 (Gustav Nyquist, Anton Volchenkov) at 17:40

Penalties :
Braydon Coburn (BUF) for High sticking (Minor) at 0:27, Jared Cowen (OTT) for Hooking (Minor) at 10:27

2nd period

No Goal

Penalties :
Alec Martinez (OTT) for Holding (Minor) at 1:23, Jared Cowen (OTT) for Hooking (Minor) at 6:07, Braydon Coburn (BUF) for Hooking (Minor) at 11:42

3rd period

5. Sabres , Thomas Vanek 11 (Kyle Turris, Oliver Ekman-Larsson) at 3:02
6. Senators , Gustav Nyquist 17 (Martin St. Louis, Sidney Crosby) at 5:29
7. Senators , Martin St. Louis 21 (Sidney Crosby, Gustav Nyquist) at 9:53
8. Sabres , Kyle Turris 12 (Thomas Vanek, Oliver Ekman-Larsson) at 10:53
9. Senators , Sidney Crosby 20 (Patrick Sharp, Pavel Datsyuk) at 13:18 (PP)
10. Senators , Dave Bolland 7 (Jared Cowen, Joffrey Lupul) at 15:48
11. Senators , Sidney Crosby 21 (Patrick Sharp, Pavel Datsyuk) at 17:51 (PP)

Penalties :
Eric Staal (OTT) for Hooking (Minor) at 0:55, Josh Gorges (BUF) for Roughing (Minor) at 12:52, Braydon Coburn (BUF) for Hooking (Minor) at 17:19

Goalie Stats

Jhonas Enroth (BUF), 31 saves from 39 shots - (0.795), L, 2-2-0, 60:00 minutes
Carey Price (OTT), 18 saves from 21 shots - (0.857), W, 22-3-1, 60:00 minutes

Players Stats for Sabres

Player Name              G  A  P  +/- PIM S  H  SB GA TA FO     MP     PP MP  PK MP  
------------------------------------------------------------------------------------
Brad Boyes               0  1  1   0  0   1  1  1  0  0  3/4    20:09   0:00   0:00 
Brad Stuart              0  0  0   0  0   0  0  0  0  0  0/0     6:43   0:00   3:00 
Brayden Schenn           0  0  0  -1  0   1  2  0  0  0  2/6    18:17   3:34   0:00 
Braydon Coburn           1  0  1   0  6   1  0  0  0  0  0/0    18:16   0:00   0:20 
Daniel Winnik            0  0  0  -1  0   0  0  0  0  0  0/0    12:17   0:00   3:06 
Eric Gelinas             0  0  0  -1  0   0  3  1  0  0  0/0    15:16   4:07   0:36 
Francois Beauchemin      0  0  0   0  0   2  1  2  0  0  0/0    19:50   3:49   1:45 
Jason Pominville         0  0  0  -1  0   1  0  0  0  0  1/2    19:05   4:22   0:00 
Johnny Oduya             0  0  0  -1  0   0  0  0  0  0  0/0    20:55   0:00   2:08 
Jordan Staal             0  0  0  -1  0   2  0  2  0  0  10/19  16:22   0:00   1:39 
Josh Gorges              0  0  0  -1  2   0  1  4  0  0  0/0    14:21   3:49   0:00 
Kyle Turris              1  2  3   0  0   3  2  0  0  0  18/33  24:31   4:22   0:00 
Nino Niederreiter        0  0  0   0  0   2  1  0  0  0  0/0     6:50   3:34   0:00 
Oliver Ekman-Larsson     0  2  2  -1  0   0  3  3  0  0  0/0    24:35   4:07   1:41 
Paul Byron               0  0  0  -1  0   2  0  0  0  0  2/3    16:01   3:34   0:00 
Paul Gaustad             0  0  0  -1  0   0  1  3  0  0  10/17  12:17   0:00   3:06 
Thomas Vanek             1  1  2   0  0   5  4  0  0  0  1/1    24:31   4:22   0:00 
Tom Pyatt                0  0  0   0  0   1  0  0  0  0  3/5     4:55   0:00   1:39 

Players Stats for Senators

Player Name              G  A  P  +/- PIM S  H  SB GA TA FO     MP     PP MP  PK MP  
------------------------------------------------------------------------------------
Alec Martinez            0  0  0   2  2   2  1  0  0  0  0/0    17:53   2:26   0:00 
Anton Volchenkov         0  1  1   2  0   2  3  0  0  0  0/0    17:50   2:19   3:26 
Chris Neil               0  0  0   0  0   0  1  0  0  0  0/0     2:52   0:00   0:00 
Dave Bolland             1  0  1   0  0   2  2  1  0  0  8/18   15:51   0:00   3:59 
Eric Staal               0  1  1  -1  2   4  4  1  0  0  10/22  19:12   1:53   2:07 
Erik Gustafsson          0  0  0   0  0   0  0  0  0  0  0/0     0:00   0:00   0:00 
Gustav Nyquist           1  2  3   3  0   4  1  0  0  0  0/2    22:07   1:53   0:00 
Jan Hejda                0  0  0  -2  0   1  4  5  0  0  0/0    24:16   0:00   4:30 
Jared Cowen              0  1  1   2  4   2  0  0  0  0  0/0    12:03   0:00   0:00 
Joffrey Lupul            0  1  1   0  0   3  0  0  0  0  1/1    12:20   0:00   0:28 
Marc Staal               1  0  1  -2  0   2  0  3  0  0  0/0    25:38   2:26   3:26 
Mark Stone               0  0  0   0  0   1  0  1  0  0  0/1     9:00   0:00   0:00 
Martin St. Louis         2  2  4   3  0   5  1  0  0  0  0/3    22:07   1:53   0:00 
Patrick Sharp            0  2  2  -1  0   4  2  0  0  0  0/2    18:05   2:52   0:00 
Pavel Datsyuk            0  2  2  -1  0   1  0  1  0  0  6/10   22:02   2:52   3:57 
Ron Hainsey              0  1  1   2  0   0  1  0  0  0  0/0    22:17   2:19   4:30 
Sidney Crosby            3  3  6   3  0   6  4  0  0  0  15/30  23:06   2:52   0:00 
Travis Moen              0  0  0   0  0   0  0  0  0  0  0/1     5:21   0:00   5:21 

3 Stars

1 - Sidney Crosby (OTT)
2 - Martin St. Louis (OTT)
3 - Gustav Nyquist (OTT)

Power Play

Sabres - 0 on 4 Attempt(s) - 0.00%
Senators - 3 on 4 Attempt(s) - 75.00%

Penalty Kill

Sabres - 1 on 4 Attempt(s) - 25.00% - Score 0 goal in Penalty Kill
Senators - 4 on 4 Attempt(s) - 100.00% - Score 0 goal in Penalty Kill

Official

Referees : Dave Jackson and Francois StLaurent
Linesman : Brian Mach and Darren Gibbs

Game Notes

Sidney Crosby has scored a Hat Trick!

Finance

Level 1 -- Attendance: 6285 (96.69%) -- Ticket Income $628,500
Level 2 -- Attendance: 4903 (98.06%) -- Ticket Income $294,180
Level 3 -- Attendance: 3351 (95.74%) -- Ticket Income $117,285
Level 4 -- Attendance: 2629 (83.38%) -- Ticket Income $78,870
Luxury Box -- Attendance: 754 (75.40%) -- Ticket Income $188,500
Game was played at the Canadian Tire Centre
Total Attendance: 17922 (93.57%)
Total Ticket Income: $1,307,335
Other Income: $196,100
Total Income: $1,503,435

% Time on Ice - Sabres

Lines # - Real PCT - Wanted PCT - Time Play
Normal Forward
1 - 43% - 40% - 20:09
2 - 31% - 30% - 14:43
3 - 19% - 20% - 9:11
4 - 7% - 10% - 3:16
Normal Defense
1 - 40% - 40% - 18:47
2 - 30% - 30% - 14:16
3 - 22% - 20% - 10:33
4 - 8% - 10% - 3:43
PP Forward
1 - 55% - 60% - 4:22
2 - 45% - 40% - 3:34
PP Defense
1 - 52% - 60% - 4:07
2 - 48% - 40% - 3:49
PK Forward
1 - 65% - 60% - 3:06
2 - 35% - 40% - 1:39
PK Defense
1 - 37% - 60% - 1:45
2 - 63% - 40% - 3:00
PK3 Forward
1 - 0% - 60%
2 - 0% - 40%
PK3 Defense
1 - 0% - 60%
2 - 0% - 40%
44 Forward
1 - 0% - 60%
2 - 0% - 40%
44 Defense
1 - 0% - 60%
2 - 0% - 40%
Last Minute Offensive  - 0:00
Last Minute Defensive  - 0:00
Total
Forward - 60:00
Defense - 60:00

% Time on Ice - Senators

Lines # - Real PCT - Wanted PCT - Time Play
Normal Forward
1 - 43% - 40% - 20:14
2 - 32% - 30% - 15:13
3 - 19% - 20% - 9:00
4 - 6% - 10% - 2:52
Normal Defense
1 - 42% - 38% - 19:46
2 - 33% - 32% - 15:28
3 - 18% - 20% - 8:40
4 - 7% - 10% - 3:25
PP Forward
1 - 60% - 50% - 2:52
2 - 40% - 50% - 1:53
PP Defense
1 - 51% - 50% - 2:26
2 - 49% - 50% - 2:19
PK Forward
1 - 50% - 50% - 3:59
2 - 50% - 50% - 3:57
PK Defense
1 - 57% - 50% - 4:30
2 - 43% - 50% - 3:26
PK3 Forward
1 - 0% - 50%
2 - 0% - 50%
PK3 Defense
1 - 0% - 50%
2 - 0% - 50%
44 Forward
1 - 0% - 52%
2 - 0% - 48%
44 Defense
1 - 0% - 52%
2 - 0% - 48%
Last Minute Offensive  - 0:00
Last Minute Defensive  - 0:00
Total
Forward - 60:00
Defense - 60:00

Play by Play

1st period


0:01 of 1st period - Sidney Crosby wins face-off versus Kyle Turris in neutral zone.
0:05 of 1st period - Marc Staal is hit by Oliver Ekman-Larsson.
0:21 of 1st period - Shot by Gustav Nyquist.
0:21 of 1st period - Shot Hit the Post.
0:23 of 1st period - Shot by Jan Hejda.
0:23 of 1st period - Stopped by Jhonas Enroth without a rebound.
0:24 of 1st period - Pavel Datsyuk wins face-off versus Jordan Staal in Sabres zone.
0:26 of 1st period - Eric Staal is hit by Francois Beauchemin and loses puck.
0:27 of 1st period - Minor Penalty to Braydon Coburn for High sticking.
0:28 of 1st period - Sidney Crosby wins face-off versus Paul Gaustad in Sabres zone.
0:29 of 1st period - Shot by Anton Volchenkov.
0:29 of 1st period - Shot Misses the Net.
0:31 of 1st period - Shot by Anton Volchenkov.
0:31 of 1st period - Shot Blocked by Francois Beauchemin.
0:33 of 1st period - Shot by Anton Volchenkov.
0:33 of 1st period - Deflect By Patrick Sharp.
0:33 of 1st period - Stopped by Jhonas Enroth without a rebound.
0:34 of 1st period - Paul Gaustad wins face-off versus Eric Staal in Sabres zone.
0:57 of 1st period - Shot by Martin St. Louis.
0:57 of 1st period - Shot Misses the Net.
1:26 of 1st period - Off-side.
1:27 of 1st period - Paul Gaustad wins face-off versus Patrick Sharp in neutral zone.
1:49 of 1st period - Shot by Sidney Crosby.
1:49 of 1st period - Shot Misses the Net.
2:11 of 1st period - Shot by Sidney Crosby.
2:11 of 1st period - Stopped by Jhonas Enroth without a rebound.
2:12 of 1st period - Eric Staal wins face-off versus Paul Gaustad in Sabres zone.
2:15 of 1st period - Shot by Marc Staal.
2:15 of 1st period - Goal by Marc Staal - Sabres : 0 - Senators : 1.
2:16 of 1st period - Dave Bolland wins face-off versus Jordan Staal in neutral zone.
2:33 of 1st period - Shot by Brayden Schenn.
2:33 of 1st period - Shot Misses the Net.
2:35 of 1st period - Shot by Brayden Schenn.
2:35 of 1st period - Stopped by Carey Price without a rebound.
2:36 of 1st period - Kyle Turris wins face-off versus Gustav Nyquist in Senators zone.
2:47 of 1st period - Shot by Thomas Vanek.
2:47 of 1st period - Stopped by Carey Price without a rebound.
2:48 of 1st period - Paul Gaustad wins face-off versus Eric Staal in Senators zone.
3:13 of 1st period - Shot by Pavel Datsyuk.
3:13 of 1st period - Shot Misses the Net.
3:25 of 1st period - Shot by Patrick Sharp.
3:25 of 1st period - Deflect By Eric Staal.
3:25 of 1st period - Shot Blocked by Paul Gaustad.
3:27 of 1st period - Shot by Pavel Datsyuk.
3:27 of 1st period - Shot Blocked by Eric Gelinas.
3:29 of 1st period - Shot by Pavel Datsyuk.
3:29 of 1st period - Shot Blocked by Paul Gaustad.
3:31 of 1st period - Shot by Anton Volchenkov.
3:31 of 1st period - Shot Blocked by Paul Gaustad.
3:33 of 1st period - Shot by Pavel Datsyuk.
3:33 of 1st period - Shot Misses the Net.
3:57 of 1st period - Shot by Martin St. Louis.
3:57 of 1st period - Goal by Martin St. Louis - Sabres : 0 - Senators : 2.
3:58 of 1st period - Dave Bolland wins face-off versus Brayden Schenn in neutral zone.
4:17 of 1st period - Braydon Coburn is hit by Dave Bolland and loses puck.
4:36 of 1st period - Shot by Braydon Coburn.
4:36 of 1st period - Shot Misses the Net.
4:58 of 1st period - Shot by Kyle Turris.
4:58 of 1st period - Stopped by Carey Price without a rebound.
4:59 of 1st period - Sidney Crosby wins face-off versus Kyle Turris in Senators zone.
5:03 of 1st period - Ron Hainsey is hit by Oliver Ekman-Larsson and loses puck.
5:16 of 1st period - Sidney Crosby is hit by Oliver Ekman-Larsson.
5:32 of 1st period - Shot by Martin St. Louis.
5:32 of 1st period - Stopped by Jhonas Enroth with a rebound.
5:34 of 1st period - Shot by Martin St. Louis.
5:34 of 1st period - Stopped by Jhonas Enroth with a rebound.
5:36 of 1st period - Shot by Alec Martinez.
5:36 of 1st period - Shot Misses the Net.
6:10 of 1st period - Shot by Eric Staal.
6:10 of 1st period - Stopped by Jhonas Enroth with a rebound.
6:12 of 1st period - Shot by Anton Volchenkov.
6:12 of 1st period - Shot Blocked by Josh Gorges.
6:14 of 1st period - Shot by Patrick Sharp.
6:14 of 1st period - Deflect By Eric Staal.
6:14 of 1st period - Shot Misses the Net.
6:16 of 1st period - Shot by Eric Staal.
6:16 of 1st period - Stopped by Jhonas Enroth with a rebound.
6:30 of 1st period - Shot by Patrick Sharp.
6:30 of 1st period - Shot Misses the Net.
6:32 of 1st period - Shot by Eric Staal.
6:32 of 1st period - Shot Misses the Net.
6:46 of 1st period - Marc Staal is hit by Nino Niederreiter and loses puck.
7:05 of 1st period - Shot by Dave Bolland.
7:05 of 1st period - Deflect By Joffrey Lupul.
7:05 of 1st period - Stopped by Jhonas Enroth without a rebound.
7:06 of 1st period - Jordan Staal wins face-off versus Sidney Crosby in Sabres zone.
7:28 of 1st period - Shot by Francois Beauchemin.
7:28 of 1st period - Shot Misses the Net.
7:31 of 1st period - Icing by Alec Martinez.
7:32 of 1st period - Sidney Crosby wins face-off versus Kyle Turris in Senators zone.
7:39 of 1st period - Shot by Martin St. Louis.
7:39 of 1st period - Shot Misses the Net.
7:54 of 1st period - Icing by Gustav Nyquist.
7:55 of 1st period - Sidney Crosby wins face-off versus Jordan Staal in Senators zone.
9:06 of 1st period - Off-side.
9:07 of 1st period - Kyle Turris wins face-off versus Dave Bolland in neutral zone.
9:15 of 1st period - Shot by Jared Cowen.
9:15 of 1st period - Stopped by Jhonas Enroth without a rebound.
9:16 of 1st period - Kyle Turris wins face-off versus Dave Bolland in Sabres zone.
9:23 of 1st period - Dave Bolland is hit by Thomas Vanek and loses puck.
9:44 of 1st period - Shot by Dave Bolland.
9:44 of 1st period - Stopped by Jhonas Enroth without a rebound.
9:45 of 1st period - Eric Staal wins face-off versus Paul Gaustad in Sabres zone.
9:46 of 1st period - Shot by Patrick Sharp.
9:46 of 1st period - Stopped by Jhonas Enroth without a rebound.
9:47 of 1st period - Paul Gaustad wins face-off versus Gustav Nyquist in Sabres zone.
9:47 of 1st period - Paul Gaustad is hit by Martin St. Louis.
10:06 of 1st period - Martin St. Louis is hit by Eric Gelinas and loses puck.
10:22 of 1st period - Icing by Martin St. Louis.
10:23 of 1st period - Kyle Turris wins face-off versus Sidney Crosby in Senators zone.
10:24 of 1st period - Shot by Thomas Vanek.
10:24 of 1st period - Stopped by Carey Price without a rebound.
10:25 of 1st period - Eric Staal wins face-off versus Brad Boyes in Senators zone.
10:25 of 1st period - Pavel Datsyuk is hit by Thomas Vanek and loses puck.
10:27 of 1st period - Minor Penalty to Jared Cowen for Hooking.
10:28 of 1st period - Dave Bolland wins face-off versus Kyle Turris in Senators zone.
10:55 of 1st period - Shot by Jason Pominville.
10:55 of 1st period - Shot Misses the Net.
10:57 of 1st period - Shot by Oliver Ekman-Larsson.
10:57 of 1st period - Deflect By Thomas Vanek.
10:57 of 1st period - Shot Blocked by Jan Hejda.
10:59 of 1st period - Shot by Oliver Ekman-Larsson.
10:59 of 1st period - Shot Misses the Net.
11:27 of 1st period - Shot by Josh Gorges.
11:27 of 1st period - Shot Blocked by Jan Hejda.
11:55 of 1st period - Shot by Nino Niederreiter.
11:55 of 1st period - Stopped by Carey Price without a rebound.
11:56 of 1st period - Pavel Datsyuk wins face-off versus Kyle Turris in Senators zone.
13:01 of 1st period - Shot by Sidney Crosby.
13:01 of 1st period - Shot Misses the Net.
13:03 of 1st period - Shot by Sidney Crosby.
13:03 of 1st period - Stopped by Jhonas Enroth without a rebound.
13:04 of 1st period - Jordan Staal wins face-off versus Eric Staal in Sabres zone.
14:30 of 1st period - Shot by Brad Boyes.
14:30 of 1st period - Shot Blocked by Dave Bolland.
14:32 of 1st period - Shot by Braydon Coburn.
14:32 of 1st period - Shot Misses the Net.
14:34 of 1st period - Shot by Braydon Coburn.
14:34 of 1st period - Goal by Braydon Coburn - Sabres : 1 - Senators : 2.
14:35 of 1st period - Sidney Crosby wins face-off versus Paul Gaustad in neutral zone.
14:39 of 1st period - Icing by Eric Gelinas.
14:40 of 1st period - Paul Gaustad wins face-off versus Sidney Crosby in Sabres zone.
15:13 of 1st period - Shot by Gustav Nyquist.
15:13 of 1st period - Shot Blocked by Josh Gorges.
16:03 of 1st period - Oliver Ekman-Larsson is hit by Patrick Sharp and loses puck.
16:12 of 1st period - Marc Staal is hit by Thomas Vanek and loses puck.
16:26 of 1st period - Icing by Oliver Ekman-Larsson.
16:27 of 1st period - Joffrey Lupul wins face-off versus Kyle Turris in Sabres zone.
17:08 of 1st period - Brayden Schenn is hit by Alec Martinez.
17:10 of 1st period - Shot by Jordan Staal.
17:10 of 1st period - Shot Blocked by Mark Stone.
17:40 of 1st period - Shot by Sidney Crosby.
17:40 of 1st period - Goal by Sidney Crosby - Sabres : 1 - Senators : 3.
17:41 of 1st period - Tom Pyatt wins face-off versus Patrick Sharp in neutral zone.
17:50 of 1st period - Josh Gorges is hit by Patrick Sharp and loses puck.
18:00 of 1st period - Icing by Josh Gorges.
18:01 of 1st period - Sidney Crosby wins face-off versus Paul Byron in Sabres zone.
18:02 of 1st period - Shot by Gustav Nyquist.
18:02 of 1st period - Stopped by Jhonas Enroth with a rebound.
18:04 of 1st period - Shot by Gustav Nyquist.
18:04 of 1st period - Shot Blocked by Josh Gorges.
18:09 of 1st period - Icing by Paul Byron.
18:10 of 1st period - Sidney Crosby wins face-off versus Tom Pyatt in Sabres zone.
19:23 of 1st period - Shot by Thomas Vanek.
19:23 of 1st period - Stopped by Carey Price without a rebound.
19:24 of 1st period - Dave Bolland wins face-off versus Jordan Staal in Senators zone.
19:42 of 1st period - Jason Pominville is hit by Anton Volchenkov and loses puck.
Goals for this period are 1 for Sabres vs 3 for Senators.
Shots for this period are 7 for Sabres vs 16 for Senators.

2nd period


0:01 of 2nd period - Sidney Crosby wins face-off versus Kyle Turris in neutral zone.
0:20 of 2nd period - Shot by Sidney Crosby.
0:20 of 2nd period - Stopped by Jhonas Enroth without a rebound.
0:21 of 2nd period - Jordan Staal wins face-off versus Pavel Datsyuk in Sabres zone.
0:21 of 2nd period - Jason Pominville is hit by Eric Staal and loses puck.
0:26 of 2nd period - Shot by Eric Staal.
0:26 of 2nd period - Shot Blocked by Francois Beauchemin.
0:36 of 2nd period - Shot by Patrick Sharp.
0:36 of 2nd period - Stopped by Jhonas Enroth without a rebound.
0:37 of 2nd period - Sidney Crosby wins face-off versus Kyle Turris in Sabres zone.
0:52 of 2nd period - Icing by Marc Staal.
0:53 of 2nd period - Jordan Staal wins face-off versus Sidney Crosby in Senators zone.
1:02 of 2nd period - Shot by Braydon Coburn.
1:02 of 2nd period - Shot Blocked by Marc Staal.
1:16 of 2nd period - Shot by Jordan Staal.
1:16 of 2nd period - Shot Misses the Net.
1:18 of 2nd period - Shot by Francois Beauchemin.
1:18 of 2nd period - Stopped by Carey Price without a rebound.
1:19 of 2nd period - Brad Boyes wins face-off versus Eric Staal in Senators zone.
1:23 of 2nd period - Minor Penalty to Alec Martinez for Holding.
1:24 of 2nd period - Kyle Turris wins face-off versus Pavel Datsyuk in Senators zone.
2:08 of 2nd period - Icing by Jason Pominville.
2:09 of 2nd period - Kyle Turris wins face-off versus Dave Bolland in Sabres zone.
2:26 of 2nd period - Marc Staal is hit by Kyle Turris and loses puck.
2:37 of 2nd period - Jan Hejda is hit by Thomas Vanek and loses puck.
3:01 of 2nd period - Josh Gorges is hit by Anton Volchenkov and loses puck.
4:09 of 2nd period - Off-side.
4:10 of 2nd period - Dave Bolland wins face-off versus Jordan Staal in neutral zone.
4:40 of 2nd period - Icing by Marc Staal.
4:41 of 2nd period - Brad Boyes wins face-off versus Mark Stone in Senators zone.
4:44 of 2nd period - Shot by Thomas Vanek.
4:44 of 2nd period - Shot Misses the Net.
4:54 of 2nd period - Shot by Thomas Vanek.
4:54 of 2nd period - Shot Blocked by Jan Hejda.
6:06 of 2nd period - Icing by Eric Staal.
6:07 of 2nd period - Paul Byron wins face-off versus Eric Staal in Senators zone.
6:07 of 2nd period - Minor Penalty to Jared Cowen for Hooking.
6:08 of 2nd period - Pavel Datsyuk wins face-off versus Brayden Schenn in Senators zone.
6:47 of 2nd period - Icing by Brayden Schenn.
6:48 of 2nd period - Brayden Schenn wins face-off versus Pavel Datsyuk in Sabres zone.
6:54 of 2nd period - Brayden Schenn is hit by Jan Hejda and loses puck.
7:24 of 2nd period - Shot by Francois Beauchemin.
7:24 of 2nd period - Stopped by Carey Price without a rebound.
7:25 of 2nd period - Pavel Datsyuk wins face-off versus Kyle Turris in Senators zone.
7:54 of 2nd period - Shot by Josh Gorges.
7:54 of 2nd period - Shot Misses the Net.
8:01 of 2nd period - Icing by Francois Beauchemin.
8:02 of 2nd period - Pavel Datsyuk wins face-off versus Jason Pominville in Sabres zone.
9:53 of 2nd period - Shot by Brad Boyes.
9:53 of 2nd period - Deflect By Thomas Vanek.
9:53 of 2nd period - Shot Misses the Net.
9:55 of 2nd period - Shot by Thomas Vanek.
9:55 of 2nd period - Stopped by Carey Price without a rebound.
9:56 of 2nd period - Kyle Turris wins face-off versus Eric Staal in Senators zone.
10:03 of 2nd period - Shot by Brad Boyes.
10:03 of 2nd period - Shot Blocked by Pavel Datsyuk.
10:15 of 2nd period - Kyle Turris is hit by Eric Staal and loses puck.
11:00 of 2nd period - Shot by Mark Stone.
11:00 of 2nd period - Deflect By Joffrey Lupul.
11:00 of 2nd period - Shot Blocked by Oliver Ekman-Larsson.
11:37 of 2nd period - Icing by Paul Gaustad.
11:38 of 2nd period - Eric Staal wins face-off versus Paul Gaustad in Sabres zone.
11:42 of 2nd period - Minor Penalty to Braydon Coburn for Hooking.
11:43 of 2nd period - Paul Gaustad wins face-off versus Sidney Crosby in Sabres zone.
12:04 of 2nd period - Shot by Marc Staal.
12:04 of 2nd period - Stopped by Jhonas Enroth without a rebound.
12:05 of 2nd period - Paul Gaustad wins face-off versus Eric Staal in Sabres zone.
12:18 of 2nd period - Shot by Anton Volchenkov.
12:18 of 2nd period - Stopped by Jhonas Enroth without a rebound.
12:19 of 2nd period - Eric Staal wins face-off versus Paul Gaustad in Sabres zone.
13:44 of 2nd period - Shot by Patrick Sharp.
13:44 of 2nd period - Stopped by Jhonas Enroth without a rebound.
13:45 of 2nd period - Dave Bolland wins face-off versus Kyle Turris in Sabres zone.
13:52 of 2nd period - Shot by Joffrey Lupul.
13:52 of 2nd period - Shot Misses the Net.
14:22 of 2nd period - Kyle Turris is hit by Jan Hejda and loses puck.
14:55 of 2nd period - Shot by Jason Pominville.
14:55 of 2nd period - Deflect By Brayden Schenn.
14:55 of 2nd period - Shot Misses the Net.
14:59 of 2nd period - Shot by Jordan Staal.
14:59 of 2nd period - Shot Misses the Net.
15:01 of 2nd period - Shot by Jordan Staal.
15:01 of 2nd period - Shot Misses the Net.
15:05 of 2nd period - Shot by Jordan Staal.
15:05 of 2nd period - Stopped by Carey Price without a rebound.
15:06 of 2nd period - Eric Staal wins face-off versus Tom Pyatt in Senators zone.
15:14 of 2nd period - Icing by Oliver Ekman-Larsson.
15:15 of 2nd period - Tom Pyatt wins face-off versus Eric Staal in Sabres zone.
15:36 of 2nd period - Shot by Nino Niederreiter.
15:36 of 2nd period - Shot Blocked by Eric Staal.
15:38 of 2nd period - Shot by Nino Niederreiter.
15:38 of 2nd period - Shot Hit the Post.
15:40 of 2nd period - Shot by Johnny Oduya.
15:40 of 2nd period - Shot Misses the Net.
15:42 of 2nd period - Shot by Johnny Oduya.
15:42 of 2nd period - Shot Misses the Net.
15:52 of 2nd period - Shot by Paul Byron.
15:52 of 2nd period - Shot Misses the Net.
15:56 of 2nd period - Shot by Paul Byron.
15:56 of 2nd period - Shot Misses the Net.
16:21 of 2nd period - Icing by Kyle Turris.
16:22 of 2nd period - Kyle Turris wins face-off versus Sidney Crosby in Sabres zone.
16:26 of 2nd period - Off-side.
16:27 of 2nd period - Jordan Staal wins face-off versus Sidney Crosby in neutral zone.
16:29 of 2nd period - Josh Gorges is hit by Gustav Nyquist and loses puck.
16:33 of 2nd period - Off-side.
16:34 of 2nd period - Sidney Crosby wins face-off versus Kyle Turris in neutral zone.
16:51 of 2nd period - Off-side.
16:52 of 2nd period - Eric Staal wins face-off versus Brayden Schenn in neutral zone.
16:58 of 2nd period - Icing by Jordan Staal.
16:59 of 2nd period - Jordan Staal wins face-off versus Sidney Crosby in Sabres zone.
Goals for this period are 0 for Sabres vs 0 for Senators.
Shots for this period are 4 for Sabres vs 5 for Senators.

3rd period


0:01 of 3rd period - Sidney Crosby wins face-off versus Kyle Turris in neutral zone.
0:06 of 3rd period - Shot by Jan Hejda.
0:06 of 3rd period - Shot Blocked by Brad Boyes.
0:42 of 3rd period - Shot by Martin St. Louis.
0:42 of 3rd period - Stopped by Jhonas Enroth with a rebound.
0:55 of 3rd period - Minor Penalty to Eric Staal for Hooking.
0:56 of 3rd period - Brayden Schenn wins face-off versus Travis Moen in Senators zone.
1:01 of 3rd period - Shot by Paul Byron.
1:01 of 3rd period - Stopped by Carey Price with a rebound.
1:11 of 3rd period - Shot by Paul Byron.
1:11 of 3rd period - Stopped by Carey Price with a rebound.
1:13 of 3rd period - Shot by Paul Byron.
1:13 of 3rd period - Shot Blocked by Jan Hejda.
1:32 of 3rd period - Off-side.
1:33 of 3rd period - Kyle Turris wins face-off versus Dave Bolland in neutral zone.
1:35 of 3rd period - Off-side.
1:36 of 3rd period - Kyle Turris wins face-off versus Dave Bolland in neutral zone.
1:51 of 3rd period - Shot by Oliver Ekman-Larsson.
1:51 of 3rd period - Shot Blocked by Marc Staal.
2:09 of 3rd period - Shot by Kyle Turris.
2:09 of 3rd period - Stopped by Carey Price without a rebound.
2:10 of 3rd period - Pavel Datsyuk wins face-off versus Brayden Schenn in Senators zone.
2:21 of 3rd period - Shot by Nino Niederreiter.
2:21 of 3rd period - Stopped by Carey Price without a rebound.
2:22 of 3rd period - Paul Byron wins face-off versus Pavel Datsyuk in Senators zone.
2:58 of 3rd period - Shot by Kyle Turris.
2:58 of 3rd period - Shot Misses the Net.
3:00 of 3rd period - Shot by Oliver Ekman-Larsson.
3:00 of 3rd period - Shot Misses the Net.
3:02 of 3rd period - Shot by Kyle Turris.
3:02 of 3rd period - Deflect By Thomas Vanek.
3:02 of 3rd period - Goal by Thomas Vanek - Sabres : 2 - Senators : 3.
3:03 of 3rd period - Kyle Turris wins face-off versus Eric Staal in neutral zone.
3:09 of 3rd period - Thomas Vanek is hit by Anton Volchenkov and loses puck.
3:46 of 3rd period - Icing by Johnny Oduya.
3:47 of 3rd period - Kyle Turris wins face-off versus Sidney Crosby in Sabres zone.
3:47 of 3rd period - Kyle Turris is hit by Sidney Crosby.
3:55 of 3rd period - Jan Hejda is hit by Kyle Turris and loses puck.
4:01 of 3rd period - Kyle Turris is hit by Jan Hejda.
4:11 of 3rd period - Jordan Staal is hit by Sidney Crosby and loses puck.
4:22 of 3rd period - Off-side.
4:23 of 3rd period - Paul Gaustad wins face-off versus Dave Bolland in neutral zone.
4:36 of 3rd period - Shot by Mark Stone.
4:36 of 3rd period - Stopped by Jhonas Enroth without a rebound.
4:37 of 3rd period - Eric Staal wins face-off versus Jordan Staal in Sabres zone.
4:59 of 3rd period - Shot by Eric Staal.
4:59 of 3rd period - Stopped by Jhonas Enroth without a rebound.
5:00 of 3rd period - Kyle Turris wins face-off versus Martin St. Louis in Sabres zone.
5:02 of 3rd period - Icing by Oliver Ekman-Larsson.
5:03 of 3rd period - Brad Boyes wins face-off versus Martin St. Louis in Sabres zone.
5:03 of 3rd period - Brad Boyes is hit by Sidney Crosby.
5:15 of 3rd period - Shot by Gustav Nyquist.
5:15 of 3rd period - Shot Misses the Net.
5:27 of 3rd period - Shot by Martin St. Louis.
5:27 of 3rd period - Shot Misses the Net.
5:29 of 3rd period - Shot by Gustav Nyquist.
5:29 of 3rd period - Goal by Gustav Nyquist - Sabres : 2 - Senators : 4.
5:30 of 3rd period - Jason Pominville wins face-off versus Eric Staal in neutral zone.
5:50 of 3rd period - Jordan Staal is hit by Jan Hejda and loses puck.
6:05 of 3rd period - Shot by Eric Staal.
6:05 of 3rd period - Shot Blocked by Jordan Staal.
6:26 of 3rd period - Jason Pominville is hit by Sidney Crosby and loses puck.
6:38 of 3rd period - Icing by Ron Hainsey.
6:39 of 3rd period - Sidney Crosby wins face-off versus Kyle Turris in Senators zone.
6:39 of 3rd period - Sidney Crosby is hit by Brad Boyes.
7:09 of 3rd period - Shot by Gustav Nyquist.
7:09 of 3rd period - Stopped by Jhonas Enroth with a rebound.
7:43 of 3rd period - Shot by Dave Bolland.
7:43 of 3rd period - Deflect By Mark Stone.
7:43 of 3rd period - Shot Misses the Net.
7:57 of 3rd period - Shot by Dave Bolland.
7:57 of 3rd period - Shot Misses the Net.
7:59 of 3rd period - Shot by Joffrey Lupul.
7:59 of 3rd period - Shot Misses the Net.
8:01 of 3rd period - Shot by Joffrey Lupul.
8:01 of 3rd period - Stopped by Jhonas Enroth without a rebound.
8:02 of 3rd period - Paul Gaustad wins face-off versus Eric Staal in Sabres zone.
8:02 of 3rd period - Paul Gaustad is hit by Eric Staal.
8:26 of 3rd period - Paul Gaustad is hit by Eric Staal and loses puck.
8:36 of 3rd period - Jan Hejda is hit by Eric Gelinas and loses puck.
8:41 of 3rd period - Shot by Pavel Datsyuk.
8:41 of 3rd period - Stopped by Jhonas Enroth with a rebound.
9:16 of 3rd period - Shot by Alec Martinez.
9:16 of 3rd period - Stopped by Jhonas Enroth without a rebound.
9:17 of 3rd period - Jordan Staal wins face-off versus Dave Bolland in Sabres zone.
9:17 of 3rd period - Jordan Staal is hit by Dave Bolland.
9:35 of 3rd period - Shot by Mark Stone.
9:35 of 3rd period - Shot Misses the Net.
9:37 of 3rd period - Shot by Joffrey Lupul.
9:37 of 3rd period - Shot Misses the Net.
9:39 of 3rd period - Shot by Jared Cowen.
9:39 of 3rd period - Stopped by Jhonas Enroth with a rebound.
9:41 of 3rd period - Shot by Joffrey Lupul.
9:41 of 3rd period - Stopped by Jhonas Enroth without a rebound.
9:42 of 3rd period - Kyle Turris wins face-off versus Sidney Crosby in Sabres zone.
9:49 of 3rd period - Shot by Gustav Nyquist.
9:49 of 3rd period - Stopped by Jhonas Enroth with a rebound.
9:51 of 3rd period - Shot by Sidney Crosby.
9:51 of 3rd period - Shot Blocked by Oliver Ekman-Larsson.
9:53 of 3rd period - Shot by Martin St. Louis.
9:53 of 3rd period - Goal by Martin St. Louis - Sabres : 2 - Senators : 5.
9:54 of 3rd period - Eric Staal wins face-off versus Jordan Staal in neutral zone.
10:51 of 3rd period - Shot by Thomas Vanek.
10:51 of 3rd period - Deflect By Kyle Turris.
10:51 of 3rd period - Shot Misses the Net.
10:53 of 3rd period - Shot by Kyle Turris.
10:53 of 3rd period - Goal by Kyle Turris - Sabres : 3 - Senators : 5.
10:54 of 3rd period - Kyle Turris wins face-off versus Sidney Crosby in neutral zone.
10:56 of 3rd period - Oliver Ekman-Larsson is hit by Ron Hainsey and loses puck.
12:04 of 3rd period - Shot by Dave Bolland.
12:04 of 3rd period - Shot Misses the Net.
12:23 of 3rd period - Shot by Jared Cowen.
12:23 of 3rd period - Shot Blocked by Josh Gorges.
12:25 of 3rd period - Shot by Dave Bolland.
12:25 of 3rd period - Shot Hit the Post.
12:30 of 3rd period - Mark Stone is hit by Eric Gelinas and loses puck.
12:51 of 3rd period - Marc Staal is hit by Josh Gorges and loses puck.
12:52 of 3rd period - Minor Penalty to Josh Gorges for Roughing.
12:53 of 3rd period - Jordan Staal wins face-off versus Sidney Crosby in Sabres zone.
13:18 of 3rd period - Shot by Sidney Crosby.
13:18 of 3rd period - Goal by Sidney Crosby - Sabres : 3 - Senators : 6.
13:19 of 3rd period - Kyle Turris wins face-off versus Dave Bolland in neutral zone.
13:19 of 3rd period - Kyle Turris is hit by Chris Neil.
13:22 of 3rd period - Off-side.
13:23 of 3rd period - Dave Bolland wins face-off versus Kyle Turris in neutral zone.
13:36 of 3rd period - Shot by Joffrey Lupul.
13:36 of 3rd period - Shot Blocked by Oliver Ekman-Larsson.
13:38 of 3rd period - Shot by Anton Volchenkov.
13:38 of 3rd period - Stopped by Jhonas Enroth without a rebound.
13:39 of 3rd period - Sidney Crosby wins face-off versus Jordan Staal in Sabres zone.
13:44 of 3rd period - Shot by Sidney Crosby.
13:44 of 3rd period - Shot Blocked by Jordan Staal.
13:54 of 3rd period - Shot by Jordan Staal.
13:54 of 3rd period - Deflect By Jason Pominville.
13:54 of 3rd period - Shot Blocked by Jan Hejda.
13:56 of 3rd period - Shot by Jordan Staal.
13:56 of 3rd period - Stopped by Carey Price with a rebound.
14:14 of 3rd period - Shot by Jason Pominville.
14:14 of 3rd period - Shot Blocked by Marc Staal.
14:31 of 3rd period - Martin St. Louis is hit by Brayden Schenn and loses puck.
15:16 of 3rd period - Shot by Eric Staal.
15:16 of 3rd period - Stopped by Jhonas Enroth without a rebound.
15:17 of 3rd period - Paul Gaustad wins face-off versus Dave Bolland in Sabres zone.
15:28 of 3rd period - Dave Bolland is hit by Paul Gaustad and loses puck.
15:48 of 3rd period - Shot by Dave Bolland.
15:48 of 3rd period - Goal by Dave Bolland - Sabres : 3 - Senators : 7.
15:49 of 3rd period - Jordan Staal wins face-off versus Eric Staal in neutral zone.
15:52 of 3rd period - Eric Staal is hit by Brayden Schenn and loses puck.
16:03 of 3rd period - Shot by Eric Staal.
16:03 of 3rd period - Shot Misses the Net.
16:11 of 3rd period - Shot by Jordan Staal.
16:11 of 3rd period - Deflect By Jason Pominville.
16:11 of 3rd period - Stopped by Carey Price without a rebound.
16:12 of 3rd period - Kyle Turris wins face-off versus Sidney Crosby in Senators zone.
16:52 of 3rd period - Icing by Jan Hejda.
16:53 of 3rd period - Jordan Staal wins face-off versus Martin St. Louis in Senators zone.
17:06 of 3rd period - Shot by Martin St. Louis.
17:06 of 3rd period - Shot Misses the Net.
17:08 of 3rd period - Shot by Marc Staal.
17:08 of 3rd period - Shot Misses the Net.
17:19 of 3rd period - Minor Penalty to Braydon Coburn for Hooking.
17:20 of 3rd period - Sidney Crosby wins face-off versus Paul Gaustad in Sabres zone.
17:51 of 3rd period - Shot by Sidney Crosby.
17:51 of 3rd period - Goal by Sidney Crosby - Sabres : 3 - Senators : 8.
17:52 of 3rd period - Dave Bolland wins face-off versus Kyle Turris in neutral zone.
18:21 of 3rd period - Shot by Alec Martinez.
18:21 of 3rd period - Stopped by Jhonas Enroth without a rebound.
18:22 of 3rd period - Eric Staal wins face-off versus Jordan Staal in Sabres zone.
19:31 of 3rd period - Shot by Brad Boyes.
19:31 of 3rd period - Stopped by Carey Price without a rebound.
19:32 of 3rd period - Tom Pyatt wins face-off versus Dave Bolland in Senators zone.
19:37 of 3rd period - Shot by Nino Niederreiter.
19:37 of 3rd period - Shot Misses the Net.
19:39 of 3rd period - Shot by Tom Pyatt.
19:39 of 3rd period - Stopped by Carey Price without a rebound.
19:40 of 3rd period - Thomas Vanek wins face-off versus Sidney Crosby in Senators zone.
19:48 of 3rd period - Icing by Ron Hainsey.
19:49 of 3rd period - Kyle Turris wins face-off versus Sidney Crosby in Senators zone.
Goals for this period are 2 for Sabres vs 5 for Senators.
Shots for this period are 10 for Sabres vs 18 for Senators.


Output by the SimonT Hockey Simulator (STHS) for Stephane Roy -- Original Page W3C XHTML 1.0 Valid
Hockey Simulator - Hockey Simulation - Hockey Manager